AoeStats
← OM | Kerry Copyto

African Clearing

506787632Analyzed
4v4 RM · 18d ago on Sep 15, 2026· 38m 42s· 8 players
Game mode
Random Map
Map size
Large (8 player)
Population
200
Speed
Normal
Resources
Standard
Victory
Conquest
Starting age
Dark Age
Ending age
Imperial Age
RankedLock teamsTeams togetherTeam positionsShared explorationLock speedFull tech treeHidden civsTurbo modeCheats
Victory
Defeat
🇨🇴 Persians · Colombia
1710
+6
🇦🇷 Cumans · Argentina
1554
+11
🇲🇽 Vietnamese · Mexico
1541
+11
🇲🇽 Magyars · Mexico
1532
+12
🇭🇰 Berbers · Hong Kong SAR China
1530
-13
🇲🇽 Vietnamese · Mexico
1512
-12
🇲🇽 Persians · Mexico
1382
-8
🇲🇽 Mapuche · Mexico
1349
-7
MZTK | Evil Xandro
13:33 Feudal Age
13:09 Loom
17:17 Castle Age
15:33 Double-Bit Axe
18:33 Bow Saw
24:47 Pikeman
28:15 Wheelbarrow
27:26 Town Watch
28:47 Hand Cart
29:38 Scale Mail Armor
31:41 Horse Collar
31:53 Gold Mining
32:54 Ballistics
32:49 Elite Skirmisher
33:39 Fletching
37:27 Imperial Age
36:25 Bodkin Arrow
36:56 Padded Archer Armor
OM | Kerry Copyto
9:36 Loom
12:17 Feudal Age
13:00 Double-Bit Axe
17:24 Forging
22:06 Scale Barding Armor
26:04 Castle Age
25:00 Horse Collar
25:16 Gold Mining
25:17 Stone Mining
25:44 Bloodlines
26:39 Husbandry
27:43 Bow Saw
29:38 Chain Barding Armor
30:09 Iron Casting
36:09 Chain Barding Armor
39:15 Iron Casting
OM | Massiosare
11:48 Loom
14:21 Feudal Age
21:07 Fletching
29:07 Castle Age
27:30 Town Watch
30:52 Padded Archer Armor
34:07 Ballistics
jardan1234
9:12 Loom
12:24 Feudal Age
14:17 Double-Bit Axe
15:40 Fletching
34:14 Castle Age
Daniel
9:10 Loom
13:38 Feudal Age
18:10 Castle Age
16:42 Double-Bit Axe
18:56 Horse Collar
22:14 Heavy Plow
23:53 Wheelbarrow
24:51 Bow Saw
26:13 Husbandry
26:57 Gold Mining
28:44 Scale Barding Armor
29:54 Chain Barding Armor
30:36 Bloodlines
30:49 Fletching
32:45 Bodkin Arrow
33:13 Padded Archer Armor
34:53 Leather Archer Armor
38:17 Imperial Age
36:58 Gold Shaft Mining
38:43 Ballistics
39:04 Thumb Ring
38:25 Heavy Cavalry Archer
39:08 Bracer
39:39 Ring Archer Armor
40:11 Chemistry
Trazo_
10:42 Loom
13:58 Feudal Age
17:48 Castle Age
16:14 Horse Collar
16:26 Gold Mining
16:56 Double-Bit Axe
24:12 Fletching
25:54 Bow Saw
27:11 Bodkin Arrow
28:03 Padded Archer Armor
28:44 Wheelbarrow
29:40 Leather Archer Armor
29:58 Heavy Plow
31:28 Ballistics
31:01 Stone Mining
31:31 Hand Cart
34:03 Stone Shaft Mining
36:06 Imperial Age
36:57 Bracer
37:27 Ring Archer Armor
38:01 Chemistry
37:18 Elite Rattan Archer
Magio | Paradox
5:31 Loom
12:52 Feudal Age
14:10 Double-Bit Axe
16:36 Castle Age
15:46 Town Watch
29:14 Horse Collar
31:38 Wheelbarrow
31:41 Bow Saw
31:39 Scale Barding Armor
32:25 Bloodlines
32:25 Gold Mining
34:02 Fletching
35:21 Forging
36:42 Iron Casting
36:57 Husbandry
Mike
2:59 Loom
13:03 Feudal Age
26:43 Wheelbarrow
29:08 Castle Age
27:47 Double-Bit Axe
27:42 Horse Collar
28:19 Bloodlines
29:46 Scale Barding Armor
38:04 Chain Barding Armor
38:41 Hand Cart
Connection lost

Rejoining the realm…

Still unreachable

The connection could not be restored.

Session expired

The server has moved on; the page needs a fresh start.